 Dungeon Crawl Stone Soup version 0.28.0-53-g5a82cb258f (webtiles) character file.

Game seed: 2611090951818230723

95450 Sin92 the Fencer (level 15, -3/122 HPs)
             Began as a Demonspawn Fighter on June 15, 2022.
             Was the Champion of Okawaru.
             Slain by a two-headed ogre
             ... wielding a +0 giant spiked club
              (21 damage)
             ... on level 1 of the Orcish Mines.
             The game lasted 01:14:30 (23213 turns).

Sin92 the Fencer (Demonspawn Fighter)              Turns: 23213, Time: 01:14:30

Health: -3/122     AC: 42    Str: 25    XL:     15   Next: 66%
Magic:  6/6        EV:  9    Int: 10    God:    Okawaru [******]
Gold:   610        SH:  9    Dex: 25    Spells: 14/14 levels left

rFire   + . .      SeeInvis +   F - +7 triple sword of the Screaming Moth {antimagic, rPois}
rCold   . . .      Faith    .   (shield currently unavailable)
rNeg    + + +      Spirit   .   i - +6 crystal plate armour of Mumblety Peg {+Inv rN+++ Will- rCorr}
rPois   +          Reflect  +   H - +0 helmet {SInv}
rElec   +          Harm     .   k - +1 cloak of Poor Excuses {Dex+2}
rCorr   +          Rampage  .   G - +2 pair of gloves "Ginuno" {rN+}
Will    .....                   (boots unavailable)
Stlth   ..........              B - amulet of Zadunu {Reflect rElec rF+ Regen+ SH+5}
HPRegen 2.10/turn               a - +6 ring of strength
MPRegen 0.10/turn               j - +6 ring of dexterity

@: silenced
A: hooves 3, molten scales 2, icemail 1, powered by death 3, condensation
shield, bedeviling
a: Renounce Religion, Evoke Invisibility


You were on level 1 of the Orcish Mines.
You worshipped Okawaru.
Okawaru was exalted by your worship.
You visited 4 branches of the dungeon, and saw 23 of its levels.
You visited the Abyss 1 time.
You also visited: Ossuary, Bailey and Gauntlet.

You collected 3330 gold pieces.
You spent 2720 gold pieces at shops.

Inventory:

Hand Weapons
 l - a +0 scimitar of flaming
 F - the +7 triple sword of the Screaming Moth (weapon) {antimagic, rPois}
   (Okawaru gifted it to you on level 1 of the Lair of Beasts)

   It reduces the magical energy of the wielder, and disrupts the spells and
   magical abilities of those it strikes.
   Natural abilities and divine invocations are not affected.
   rPois:     It protects you from poison.
 N - a +2 scimitar of venom
Missiles
 y - 2 silver javelins (quivered)
 D - 20 javelins
Armour
 b - the +3 chain mail of Kuodwesch {Dex+5}
   (Okawaru gifted it to you on level 2 of the Orcish Mines)

   Dex:       It affects your dexterity (+5).
 i - the +6 crystal plate armour of Mumblety Peg (worn) {+Inv rN+++ Will- rCorr}
   (You bought it in a shop on level 2 of the Orcish Mines)

   rN:        It renders you almost immune to negative energy.
   +Inv:      It lets you turn invisible.
   rCorr:     It protects you from acid and corrosion.
   Will:      It decreases your willpower.
 k - the +1 cloak of Poor Excuses (worn) {Dex+2}
   (You bought it in a shop on level 2 of the Orcish Mines)

   Dex:       It affects your dexterity (+2).
 m - the +3 buckler "Vona" {Slay+2}
   (You bought it in a shop on level 2 of the Orcish Mines)

   Slay:      It affects your accuracy & damage with ranged weapons and melee
   (+2).
 G - the +2 pair of gloves "Ginuno" (worn) {rN+}
   (Okawaru gifted it to you on level 2 of the Lair of Beasts)

   rN:        It protects you from negative energy.
 H - a +0 helmet of see invisible (worn)
 J - a +4 plate armour of cold resistance
 K - a scarf of invisibility
 L - a scarf of repulsion
 R - the +2 pair of gloves of a Gauntlet {rC+ Int+5}
   (Okawaru gifted it to you on level 6 of the Lair of Beasts)

   Int:       It affects your intelligence (+5).
   rC:        It protects you from cold.
Jewellery
 a - a +6 ring of strength (left hand)
 j - a +6 ring of dexterity (right hand)
 o - the ring "Esilox" {rCorr Dex+2 SInv}
   (You found it in a Gauntlet)

   [ring of see invisible]

   Dex:       It affects your dexterity (+2).
   SInv:      It lets you see invisible.
   rCorr:     It protects you from acid and corrosion.
 B - the amulet of Zadunu (around neck) {Reflect rElec rF+ Regen+ SH+5}
   (You acquired it on level 2 of the Lair of Beasts)

   [amulet of reflection]

   It reflects blocked missile attacks.
   rF:        It protects you from fire.
   rElec:     It insulates you from electricity.
   Regen:     It increases your rate of health regeneration.
   SH:        It affects your SH (+5).
 M - a ring of flight
 P - a +6 ring of strength
Wands
 g - a wand of digging (16)
 p - a wand of iceblast (9)
 s - a wand of acid (7)
Scrolls
 c - a scroll of blinking
 f - 2 scrolls of magic mapping
 n - 7 scrolls of fear
 t - 5 scrolls of fog
 x - 6 scrolls of teleportation
 A - 7 scrolls of identify
 U - a scroll of silence
 V - 3 scrolls of enchant weapon
Potions
 d - 4 potions of lignification
 e - 3 potions of heal wounds
 h - 6 potions of curing
 q - 4 potions of mutation
 r - a potion of ambrosia
 u - 4 potions of attraction
 v - 3 potions of brilliance
 w - 2 potions of haste
 z - 2 potions of cancellation
 C - 4 potions of might
 E - a potion of invisibility
 I - 3 potions of magic
 O - a potion of berserk rage


   Skills:
 + Level 12.6 Fighting
 * Level 15.8 Long Blades
 + Level 11.7 Armour
 - Level 6.8 Dodging
 + Level 11.7 Shields
 - Level 6.7 Invocations


You had 14 spell levels left.
You didn't know any spells.
Your spell library contained the following spells:

 Spells                   Type           Power      Damage    Failure   Level
 Foxfire                  Conj/Fire      0%         2x1d4     100%        1
 Pain                     Necr           0%         1d4       100%        1
 Sting                    Tmut/Pois      0%         1d3       100%        1
 Blink                    Tloc           0%         N/A       100%        2
 Corpse Rot               Necr/Air       0%         N/A       100%        2
 Poisonous Vapours        Pois/Air       0%         N/A       100%        2
 Sublimation of Blood     Necr           0%         N/A       100%        2
 Conjure Flame            Conj/Fire      0%         6-21      100%        3
 Dazzling Flash           Conj/Hex       0%         N/A       100%        3
 Gell's Gravitas          Tloc           0%         N/A       100%        3
 Inner Flame              Hex/Fire       0%         N/A       100%        3
 Ozocubu's Armour         Ice            0%         N/A       100%        3
 Stone Arrow              Conj/Erth      0%         3d7       100%        3
 Flame Wave               Conj/Fire      0%         2d4       100%        4
 Fulminant Prism          Conj/Hex       0%         3d6       100%        4
 Hailstorm                Conj/Ice       0%         3d3       100%        4
 Ice Form                 Ice/Tmut       0%         N/A       100%        4
 Iskenderun's Mystic Bla  Conj/Tloc      0%         2d3       100%        4
 Petrify                  Tmut/Erth      0%         N/A       100%        4
 Agony                    Necr           0%         N/A       100%        5
 Borgnjor's Vile Clutch   Necr/Erth      0%         N/A       100%        5
 Excruciating Wounds      Necr           0%         N/A       100%        5
 Irradiate                Conj/Tmut      0%         3d13      100%        5
 Lee's Rapid Deconstruct  Erth           0%         3d5*      100%        5
 Silence                  Hex/Air        0%         N/A       100%        5
 Ozocubu's Refrigeration  Ice            0%         4d5       100%        7
 Disjunction              Tloc           0%         N/A       100%        8
 Lehudib's Crystal Spear  Conj/Erth      0%         10d2      100%        8
 Animate Armour           Summ/Erth      Unusable   N/A       N/A         4
 Animate Dead             Necr           Unusable   N/A       N/A         4
 Death Channel            Necr           Unusable   N/A       N/A         6
 Simulacrum               Ice/Necr       Unusable   N/A       N/A         6

Dungeon Overview and Level Annotations

Branches:
Dungeon (14/15)            Temple (1/1) D:7            Lair (6/6) D:9
  Swamp (0/4) Lair:3        Snake (0/4) Lair:3        Slime (0/5) Lair:6
    Orc (2/2) D:10            Elf (0/3) Orc:2        Vaults (0/5) D:14
Ossuary (visited)          Bailey (visited)         Gauntlet (visited)

Altars:
Ashenzari
Cheibriados
Dithmenos
Elyvilon
Fedhas
Gozag
Hepliaklqana
Kikubaaqudgha
Makhleb
Nemelex Xobeh
Okawaru
Qazlal
Ru
Sif Muna
Trog
Uskayaw
Vehumet
Wu Jian
Xom
Yredelemnul
Zin
The Shining One
Beogh
Jiyva

Shops:
D:14 [   Orc:2 (?[[[

Annotations:
D:14 1 runed translucent door
Lair:3 1 runed translucent door, MiltankisOP's ghost, adept FoFi
Orc:1 1 transporter, 1 runed translucent door


Innate Abilities, Weirdness & Mutations

You have hooves in place of feet.
You are mostly covered in molten scales. (AC +3)
A meltable icy envelope protects you from harm. (AC +4)
You regenerate a lot of health from kills.
A meltable shield of frost defends you. (SH +4)
Your hexes are more powerful.


Message History

The two-headed ogre hits you with a +0 giant spiked club!!
The two-headed ogre barely misses you.
You slice the two-headed ogre!! Your kick misses the two-headed ogre.
The two-headed ogre is moderately wounded.
You block the two-headed ogre's attack.
The two-headed ogre hits you with a +0 giant spiked club.
You barely miss the two-headed ogre. You kick the two-headed ogre!
The two-headed ogre is heavily wounded.
You block the ettin's attack.
The ettin hits you with a +4 dire flail!
The two-headed ogre closely misses you. The two-headed ogre barely misses you.
You hit the two-headed ogre.
You kick the two-headed ogre, but do no damage.
The two-headed ogre is heavily wounded.
The ettin hits you with a +0 dire flail!!
The ettin hits you with a +4 dire flail!!
The two-headed ogre hits you but does no damage.
The two-headed ogre hits you with a +0 giant spiked club!!
* * * LOW HITPOINT WARNING * * *
The moth of wrath angrily waves its antennae.
Magic scrolls do not work when you're silenced!
You feel much better. You block the two-headed ogre's attack.
The two-headed ogre hits you with a +0 giant spiked club!
* * * LOW HITPOINT WARNING * * *
The ettin hits you but does no damage.
The ettin hits you with a +4 dire flail!
* * * LOW HITPOINT WARNING * * *
You feel much better. You block the two-headed ogre's attack.
The two-headed ogre hits you but does no damage.
The ettin hits you but does no damage.
The ettin hits you with a +4 dire flail!
You slash the two-headed ogre! You kick the two-headed ogre!
The two-headed ogre is almost dead.
You block the two-headed ogre's attack. The two-headed ogre closely misses you.
The ettin hits you with a +0 dire flail!
* * * LOW HITPOINT WARNING * * *
The ettin hits you with a +4 dire flail!
* * * LOW HITPOINT WARNING * * *
The two-headed ogre hits you with a +0 giant spiked club!!
You die...

..... ...........
⌠..$((..⌠ .#e
#....$$[($....# #
e ...$$)_:$$... e#
y# .# #+# ##. #y
##. # ##W##y# .###
§#..#########..#☼#
#....#.C@#....#
#...'.).O...#
##..'.©.'..##
###########
#y#####y#
###.©.###
#.......#
#.......#
#.......#######


You could see an ettin, a two-headed ogre (berserk), a moth of wrath
(unsilenced) and a silent spectre (silencing).

Vanquished Creatures
  Rupert (Lair:3)
  Jorgrun (Orc:2)
  A deep elf elementalist (Abyss:2)
  2 lorocyprocas (Abyss:2)
  A minotaur (Gauntlet)
  Snorg (Lair:5)
  A green death (Abyss:2)
  The ghost of Zeld the Destroyer, a journeyman DrCj of Gozag (D:11)
  A hydra (D:14)
  A fire dragon (D:14)
  2 boulder beetles
  Erolcha (Orc:1)
  An ogre mage (D:14)
  4 vault guards (D:14)
  4 centaur warriors
  8 two-headed ogres
  6 death yaks
  3 thrashing horrors (Abyss:2)
  5 orc high priests (Orc:2)
  Urug (Lair:1)
  A wretched star (Abyss:2)
  4 skeletal warriors
  7 orc knights (Orc:2)
  2 orc sorcerers (Orc:1)
  7 oklob plants
  A salamander (shapeshifter) (D:14)
  2 cyclopes
  14 ugly things
  3 spectral centaurs (D:11)
  A worldbinder (Abyss:2)
  3 black mambas
  An apocalypse crab (Gauntlet)
  3 torpor snails
  19 elephants
  A gargoyle (D:14)
  An unseen horror (D:11)
  14 cane toads
  A rime drake (Lair:6)
  9 komodo dragons
  A tormentor (Abyss:2)
  An ancient zyme (Abyss:2)
  6 trolls
  A meliai (D:14)
  A troll (shapeshifter) (D:13)
  A merfolk (shapeshifter) (D:13)
  12 polar bears
  The ghost of KrombopulosMichael the Skirmisher, an amateur FoCA of Ignis (D:4)
  2 tyrant leeches (Lair:3)
  7 hornets
  7 raiju (Abyss:2)
  19 blink frogs
  2 shadows
  2 centaur simulacra (D:11)
  13 spriggans (Lair:6)
  5 starcursed masses (Abyss:2)
  4 wyverns
  A wraith (D:11)
  56 yaks
  7 basilisks
  A vampire (D:12)
  3 steam dragons
  4 small abominations (Abyss:2)
  A chaos spawn (Abyss:2)
  3 large abominations (Abyss:2)
  4 vampire mosquitoes (D:14)
  2 nagas (Lair:3)
  3 acid dragons
  2 wargs (Orc:2)
  An acid dragon (shapeshifter) (Abyss:2)
  17 water moccasins
  5 black bears
  2 ice beasts (D:6)
  38 orc warriors
  2 sky beasts (D:7)
  4 boggarts (Lair:6)
  39 wolves
  5 necrophages
  6 ogres
  8 centaurs
  3 elf zombies (Ossuary)
  8 kobold brigands
  5 bullfrogs
  A scorpion (D:7)
  3 wyvern zombies
  2 water moccasin skeletons (D:5)
  3 killer bees (D:8)
  3 wights (D:9)
  3 electric eels
  2 howler monkeys
  10 centaur zombies
  A lava snake (D:14)
  A crimson imp (D:5)
  A jelly (D:8)
  21 orc priests
  5 hounds
  4 human zombies (Ossuary)
  2 iron imps (Abyss:2)
  2 bullfrog skeletons
  4 iguanas
  12 orc wizards
  2 killer bee zombies
  A hound zombie (D:5)
  5 mummies
  Robin (D:2)
  A howler monkey skeleton (D:7)
  4 adders
  A shadow imp (D:5)
  2 white imps
  3 ufetubi
  A dart slug (D:1)
  87 orcs
  4 ball pythons
  5 endoplasms
  2 giant cockroaches
  14 goblins
  8 hobgoblins
  2 jackals (D:4)
  25 kobolds
  4 quokkas
  8 bats
  2 frilled lizards (D:1)
  3 rats
  A bush (Lair:4)
721 creatures vanquished.

Vanquished Creatures (others)
  28 fungi
  99 plants
  A withered plant (D:9)
128 creatures vanquished.

Grand Total: 849 creatures vanquished

Notes
Turn   | Place    | Note
-------+----------+-------------------------------------------
     0 | D:1      | Sin92 the Demonspawn Fighter began the quest for the Orb.
     0 | D:1      | Reached XP level 1. HP: 18/18 MP: 1/1
   406 | D:1      | Gained mutation: A meltable shield of frost defends you.
                  | (SH +4) [demonic ancestry]
   406 | D:1      | Reached XP level 2. HP: 24/24 MP: 2/2
   533 | D:1      | Reached skill level 2 in Long Blades
  1375 | D:2      | Gained mutation: You regenerate a little health from kills.
                  | [demonic ancestry]
  1375 | D:2      | Reached XP level 3. HP: 25/29 MP: 3/3
  1433 | D:2      | Noticed Robin
  1441 | D:2      | Killed Robin
  1442 | D:2      | Reached skill level 1 in Dodging
  1549 | D:2      | Gained mutation: You regenerate health from kills. [demonic
                  | ancestry]
  1549 | D:2      | Reached XP level 4. HP: 35/35 MP: 4/4
  1807 | D:2      | Found a faded altar of an unknown god.
  2434 | D:3      | Found a hazy altar of Hepliaklqana.
  2434 | D:3      | Noticed a kobold brigand
  2435 | D:3      | Found a faded altar of an unknown god.
  2478 | D:3      | Killed a kobold brigand
  2479 | D:3      | Reached skill level 3 in Long Blades
  2479 | D:3      | Gained mutation: You have large cloven feet. [demonic
                  | ancestry]
  2479 | D:3      | Reached XP level 5. HP: 36/41 MP: 5/5
  3307 | D:4      | Found a runed translucent gate.
  3308 | D:4      | Found a runed translucent gate.
  3308 | D:4      | Identified the +3 leather armour of Delicate Music {*Slow
                  | Int+2 Slay+4}
  3309 | D:4      | Found a runed translucent gate.
  3309 | D:4      | Noticed KrombopulosMichael's ghost (amateur FoCA)
  3392 | D:4      | Noticed an ogre
  3400 | D:4      | Killed an ogre
  3401 | D:4      | Gained mutation: You have hoof-like feet. [demonic
                  | ancestry]
  3401 | D:4      | Reached XP level 6. HP: 15/48 MP: 6/6
  3762 | D:5      | Entered Level 5 of the Dungeon
  3805 | D:5      | Noticed a water moccasin
  3823 | D:5      | Killed a water moccasin
  3877 | D:5      | Reached skill level 4 in Long Blades
  3902 | D:5      | Identified a scroll of acquirement
  3902 | D:5      | Acquired the amulet of Contentment {RegenMP Harm rF+ Dex+4}
  3941 | D:5      | Gained mutation: You are partially covered in molten
                  | scales. (AC +2) [demonic ancestry]
  3941 | D:5      | Reached XP level 7. HP: 54/54 MP: 7/7
  4415 | D:5      | Identified the +10 flail "Kasot" {holy, rPois rF+ rC++
                  | Int-2}
  4708 | D:6      | Found a sand-covered staircase.
  4716 | D:6      | Reached skill level 5 in Long Blades
  4740 | Ossuary  | Entered an ossuary
  4752 | Ossuary  | Gained mutation: A meltable icy envelope protects you from
                  | harm. (AC +4) [demonic ancestry]
  4752 | Ossuary  | Reached XP level 8. HP: 58/61 MP: 8/8
  4801 | Ossuary  | Reached skill level 5 in Fighting
  5016 | D:6      | Reached skill level 6 in Long Blades
  5016 | D:6      | Reached skill level 5 in Shields
  5137 | D:6      | Reached skill level 5 in Armour
  5339 | D:6      | Gained mutation: You regenerate a lot of health from kills.
                  | [demonic ancestry]
  5339 | D:6      | Reached XP level 9. HP: 67/68 MP: 9/9
  5973 | D:7      | Found a staircase to the Ecumenical Temple.
  5990 | Temple   | Entered the Ecumenical Temple
  6053 | Temple   | Became a worshipper of Warmaster Okawaru
  6770 | D:7      | Acquired 778 gold pieces
  6794 | D:8      | Reached skill level 7 in Long Blades
  6931 | D:8      | Reached skill level 1 in Invocations
  7227 | D:8      | Reached * piety under Okawaru
  7241 | D:8      | Reached skill level 5 in Dodging
  7499 | D:9      | Reached ** piety under Okawaru
  7500 | D:9      | Gained mutation: You have hooves in place of feet. [demonic
                  | ancestry]
  7500 | D:9      | Reached XP level 10. HP: 66/77 MP: 10/12
  7537 | D:9      | Noticed a two-headed ogre
  7550 | D:9      | Killed a two-headed ogre
  7551 | D:9      | Reached skill level 8 in Long Blades
  7590 | D:9      | Found a staircase to the Lair.
  7719 | D:9      | Found a flagged portal.
  7739 | Bailey   | Entered a bailey
  7792 | Bailey   | Identified the +0 pair of boots "Foxulir" {Fly Will+ Int-5
                  | Dex+4}
  7799 | Bailey   | Found a burning altar of Makhleb.
  7830 | Bailey   | Reached *** piety under Okawaru
  8596 | D:9      | Reached skill level 5 in Invocations
  8599 | D:9      | Reached **** piety under Okawaru
  8606 | D:9      | Gained mutation: You are mostly covered in molten scales.
                  | (AC +3) [demonic ancestry]
  8606 | D:9      | Reached XP level 11. HP: 84/84 MP: 14/14
  8610 | D:9      | Reached skill level 9 in Long Blades
  8896 | D:10     | Entered Level 10 of the Dungeon
  8946 | D:10     | Found a staircase to the Orcish Mines.
  9041 | D:10     | Noticed a two-headed ogre
  9047 | D:10     | Killed a two-headed ogre
  9272 | D:10     | Noticed a two-headed ogre
  9278 | D:10     | Killed a two-headed ogre
  9330 | D:10     | Noticed a two-headed ogre
  9336 | D:10     | Killed a two-headed ogre
  9336 | D:10     | Reached ***** piety under Okawaru
  9579 | Lair:1   | Entered Level 1 of the Lair of Beasts
  9579 | Lair:1   | Noticed Urug
  9599 | Lair:1   | Killed Urug
  9615 | Lair:1   | Noticed an oklob plant
  9616 | Lair:1   | Noticed an oklob plant
 10287 | Lair:1   | Identified the +7 triple sword of the Screaming Moth
                  | {antimagic, rPois} (Okawaru gifted it to you on level 1 of
                  | the Lair of Beasts)
 10287 | Lair:1   | Received a gift from Okawaru
 10288 | Lair:1   | Reached skill level 10 in Long Blades
 10960 | Lair:1   | Gained mutation: Your hexes are more powerful. [demonic
                  | ancestry]
 10960 | Lair:1   | Reached XP level 12. HP: 79/94 MP: 5/17
 11341 | Lair:1   | Identified the +3 mace of Dissatisfaction {flame, Dex+4}
 11472 | Lair:2   | Reached ****** piety under Okawaru
 11472 | Lair:2   | Identified the +2 pair of gloves "Ginuno" {rN+} (Okawaru
                  | gifted it to you on level 2 of the Lair of Beasts)
 11472 | Lair:2   | Received a gift from Okawaru
 11473 | Lair:2   | Reached skill level 11 in Long Blades
 11959 | Lair:2   | Acquired the amulet of Zadunu {Reflect rElec rF+ Regen+
                  | SH+5}
 12010 | Lair:3   | Found a runed translucent door.
 12036 | Lair:3   | Found a staircase to the Snake Pit.
 12176 | Lair:3   | Noticed a death yak
 12176 | Lair:3   | Noticed a death yak
 12186 | Lair:3   | Killed a death yak
 12196 | Lair:3   | Killed a death yak
 12273 | Lair:3   | Noticed Rupert
 12316 | Lair:3   | Paralysed by Rupert for 2 turns
 12319 | Lair:3   | Killed Rupert
 12627 | Lair:3   | Reached XP level 13. HP: 93/102 MP: 6/18
 12636 | Lair:3   | Reached skill level 12 in Long Blades
 12971 | Lair:3   | Noticed MiltankisOP's ghost (adept FoFi)
 12971 | Lair:3   | Identified the +5 trident of Cobwebs {vamp, rPois}
 12978 | Lair:3   | Found a staircase to the Swamp.
 13147 | D:4      | Killed KrombopulosMichael's ghost
 14023 | Lair:4   | Reached skill level 10 in Fighting
 14076 | Lair:4   | Received a gift from Okawaru
 14919 | Lair:5   | Reached skill level 13 in Long Blades
 15008 | Lair:5   | Received a gift from Okawaru
 15101 | Lair:5   | Noticed Snorg
 15109 | Lair:5   | Killed Snorg
 15297 | Lair:5   | Identified the ring "Noosk" {*Corrode rC++ MP+9 Int+6
                  | Stlth+}
 15418 | Lair:6   | Entered Level 6 of the Lair of Beasts
 15558 | Lair:6   | Reached skill level 10 in Armour
 15578 | Lair:6   | Reached skill level 10 in Shields
 15609 | Lair:6   | Identified the +2 pair of gloves of a Gauntlet {rC+ Int+5}
                  | (Okawaru gifted it to you on level 6 of the Lair of Beasts)
 15609 | Lair:6   | Received a gift from Okawaru
 15654 | Lair:6   | Reached XP level 14. HP: 111/111 MP: 6/19
 15807 | Lair:6   | Found a viscous altar of Jiyva.
 15807 | Lair:6   | Found a staircase to the Slime Pits.
 16151 | Lair:6   | Reached skill level 14 in Long Blades
 16745 | Orc:1    | Entered Level 1 of the Orcish Mines
 16804 | Orc:1    | Found a transporter.
 17066 | Orc:1    | Noticed Erolcha
 17066 | Orc:1    | Cast into level 2 of the Abyss (Erolcha)
 17240 | Abyss:2  | Noticed a starcursed mass
 17275 | Abyss:2  | Noticed a deep elf elementalist
 17288 | Abyss:2  | Killed a deep elf elementalist
 17317 | Abyss:2  | Noticed a balrug
 17634 | Abyss:2  | Noticed a starcursed mass
 17641 | Orc:1    | Escaped the Abyss
 17647 | Orc:1    | Killed Erolcha
 17659 | Orc:1    | Found a bloodstained altar of Trog.
 17659 | Orc:1    | Found the necklace of Bloodlust {*Rage Will++ Int-3 Slay+6}
 17836 | Orc:1    | You fall into a shaft and drop 1 floor!
 17836 | Orc:2    | Entered Level 2 of the Orcish Mines
 17883 | Orc:2    | Found Urhuetar's Weapon Boutique.
 17911 | Orc:2    | Noticed Jorgrun
 17920 | Orc:2    | Killed Jorgrun
 17920 | Orc:2    | Identified the +3 chain mail of Kuodwesch {Dex+5} (Okawaru
                  | gifted it to you on level 2 of the Orcish Mines)
 17920 | Orc:2    | Received a gift from Okawaru
 18569 | Orc:2    | Found a staircase to the Elven Halls.
 18940 | Orc:2    | Found Kirub's Magic Scroll Shop.
 18940 | Orc:2    | Found Zogh's Armour Shop.
 18941 | Orc:2    | Found Zemmeng's Armour Boutique.
 18941 | Orc:2    | Found Bobaur's Armour Shop.
 18960 | Orc:2    | Bought the +6 crystal plate armour of Mumblety Peg {+Inv
                  | rN+++ Will- rCorr} for 1691 gold pieces
 18964 | Orc:2    | Bought the +1 cloak of Poor Excuses {Dex+2} for 310 gold
                  | pieces
 18968 | Orc:2    | Bought the +3 buckler "Vona" {Slay+2} for 558 gold pieces
 19438 | D:11     | Found a runed translucent gate.
 19439 | D:11     | Found a runed translucent gate.
 19440 | D:11     | Found a runed translucent gate.
 19441 | D:11     | Noticed Zeld's ghost (journeyman DrCj)
 19899 | D:11     | Killed Zeld's ghost
 19908 | D:11     | Reached XP level 15. HP: 120/120 MP: 6/20
 20597 | D:12     | Found a sacrificial altar of Ru.
 20643 | D:12     | Reached skill level 15 in Long Blades
 21093 | D:13     | Identified the +4 chain mail of the Gusle {Int+4} (Okawaru
                  | gifted it to you on level 13 of the Dungeon)
 21093 | D:13     | Received a gift from Okawaru
 21583 | D:14     | Found a gate to the Vaults.
 21934 | D:14     | Found a gate leading to a gauntlet.
 21948 | Gauntlet | Entered a Gauntlet
 21948 | Gauntlet | Found a transporter.
 21957 | Gauntlet | Found a transporter.
 21972 | Gauntlet | Found a transporter.
 21977 | Gauntlet | Found a transporter.
 21994 | Gauntlet | Found a transporter.
 22012 | Gauntlet | Found a transporter.
 22024 | Gauntlet | Found a transporter.
 22036 | Gauntlet | Found a transporter.
 22048 | Gauntlet | Found a transporter.
 22060 | Gauntlet | Found a transporter.
 22066 | Gauntlet | Found a transporter.
 22066 | Gauntlet | Found a transporter.
 22105 | Gauntlet | Found a transporter.
 22130 | Gauntlet | Found a transporter.
 22132 | Gauntlet | Found a transporter.
 22152 | Gauntlet | Found a transporter.
 22230 | Gauntlet | Found a transporter.
 22250 | Gauntlet | Found a transporter.
 22523 | Gauntlet | Identified the ring "Esilox" {rCorr Dex+2 SInv}
 22565 | Gauntlet | Got Sif Muna's Grimoire of Mutagenic Translocation
 22583 | D:14     | Noticed a tengu reaver
 22691 | D:14     | Found a runed translucent door.
 22692 | D:14     | Identified the +1 leather armour "Forget-Me-Not" {Int+4}
 22996 | D:14     | Found Nuwuux's Armour Emporium.
 23004 | D:14     | Bought a +0 helmet of see invisible for 161 gold pieces
 23191 | Orc:1    | Found a transporter.
 23191 | Orc:1    | Found a runed translucent door.
 23213 | Orc:1    | Slain by a two-headed ogre

Illustrated notes

Levels and vault maps discovered:
D:1:      erik_arrival_orb_chamber, layout_loops_corners,
          minmay_misc_feat_secret_circle, serial_bayou_ford_a
D:2:      layout_basic, shapermc_ecumenical_altar_mp_highgroup,
          minmay_misc_feat_alley, uniq_robin
D:3:      layout_loops_corners, beargit_hepliaklqana_dungeon_heroes
D:4:      layout_basic, biasface_ghost_orc_armoury, minmay_misc_feat_square
D:5:      layout_basic, hex_large, roderic_roman_lattice, minmay_fire_ice_demons
D:6:      layout_loops_ring, enter_ossuary_3, due_unseen_surprise
D:7:      layout_loops_corners, minmay_temple_entry_sparse_star
D:8:      layout_basic
D:9:      layout_long_grid, minmay_lair_entry_grove, serial_undead,
          serial_undead_b, serial_undead_e, serial_undead_a, serial_undead_b,
          serial_undead_d, serial_undead_b, serial_undead_f, enter_bailey_5,
          hangedman_decor_clover_reticule, minmay_misc_feat_doors,
          chequers_serial_rivers_micro_e
D:10:     layout_long_grid, david_orc_2
D:11:     layout_basic, gammafunk_ghost_necromancy,
          chequers_serial_rivers_room_a
D:12:     layout_irregular_city, nicolae_ru_the_path_less_chosen
D:13:     layout_small_grid, minmay_variable_closet
D:14:     layout_cave_pools, lightli_vaults_fourway_checkpoint,
          grunt_decor_junction, serial_shops, nicolae_shop_statue_plus,
          gauntlet_entry_generic, minmay_st_funbox,
          kennysheep_opposing_triangles
Temple:   dpeg_three_leaves_temple
Lair:1:   dpeg_oklob_gauntlet, layout_regular_city,
          chequers_serial_rivers_small_b, serial_bayou_shore_a, uniq_urug
Lair:2:   layout_misc_corridors, infiniplex_staircase_pool_2,
          lemuel_fruit_fields
Lair:3:   minmay_lair_oklob_tunnel, layout_loops_ring, minmay_swamp_entry_worms,
          guppyfry_snake_entry_island, ebering_ghost_funeral_grove, uniq_rupert
Lair:4:   layout_cave_pods, wad_woods_06, beast_lair_carwin_7
Lair:5:   layout_misc_corridors, uniq_snorg
Lair:6:   minmay_lair_end_enchanted_forest, layout_hall_layers,
          dpeg_slime_entry_enclosed_altar
Orc:1:    emtedronai_trogs_sanctum, layout_diamond_mine, uniq_erolcha
Orc:2:    st_orc_pillars, layout_diamond_mine, serial_shops,
          nicolae_shop_waterfront, uniq_jorgrun

Skill      XL: |  1  2  3  4  5  6  7  8  9 10 11 12 13 14 15 |
---------------+----------------------------------------------+-----
Long Blades    | 2 3 4 5 6 7 8 10 11 13 14 15 | 15.8
Armour         | 3 4 5 6 7 9 10 11 | 11.7
Dodging        | 1 2 3 4 5 6 |  6.8
Shields        | 3 4 5 6 7 8 10 11 | 11.7
Fighting       | 4 5 6 7 8 9 10 11 12 | 12.6
Invocations    | 2 5 6 |  6.7

Action                   |  1- 3 |  4- 6 |  7- 9 | 10-12 | 13-15 || total
-------------------------+-------+-------+-------+-------+-------++-------
Melee: Long sword        |   115 |   134 |     4 |       |       ||   253
       Kick              |       |    18 |   111 |   166 |   526 ||   821
       Scimitar          |       |       |   334 |   277 |       ||   611
       Triple sword      |       |       |       |   219 |  1294 ||  1513
Invok: Heroism           |       |       |       |     1 |     5 ||     6
       Finesse           |       |       |       |     2 |     4 ||     6
Evoke: Wand              |       |       |       |     3 |       ||     3
  Use: Scroll            |     4 |     3 |    12 |     3 |    11 ||    33
       Potion            |     1 |     6 |     1 |     5 |     4 ||    17
 Stab: Distracted        |       |       |       |       |     1 ||     1
Armor: Scale mail        |    43 |    17 |       |       |       ||    60
       Chain mail        |       |    31 |   205 |   270 |    14 ||   520
       Plate armour      |       |       |       |       |   654 ||   654
       Crystal plate arm |       |       |       |       |   315 ||   315
Dodge: Dodged            |    46 |    48 |   111 |   300 |   732 ||  1237
       Repelled          |       |       |       |       |     6 ||     6
Block: Buckler           |    45 |    69 |   211 |   159 |       ||   484
       Other             |       |       |       |    88 |   719 ||   807
       Reflection        |       |       |       |     1 |    16 ||    17
